 Dungeon Crawl Stone Soup version 0.19-a0-1889-g9c603be (webtiles) character file.

11741 tsouns the Basher (level 11, 0/123 HPs)
             Began as an Ogre Wizard on Oct 17, 2016.
             Was an Initiate of Gozag.
             Killed by vampiric draining
             ... invoked by a vampire
              (11 damage)
             ... on level 11 of the Dungeon.
             The game lasted 01:00:15 (12430 turns).

tsouns the Basher (Ogre Wizard)                    Turns: 12430, Time: 01:00:15

Health: 0/123      AC:  7    Str: 14    XL:     11   Next: 82%
Magic:  21/21      EV: 12    Int: 23    God:    Gozag
Gold:   1949       SH:  0    Dex:  8    Spells: 9 memorised, 2 levels left

rFire  + . .     SeeInvis .     q - +2 morningstar (elec)
rCold  + . .     Gourm    .     b - +2 robe {rC+ rF+}
rNeg   . . .     Faith    .     (no shield)
rPois  .         Spirit   .     m - +2 hat
rElec  .         Reflect  .     (no cloak)
rCorr  .         Harm     .     (gloves unavailable)
MR     +....                    (boots unavailable)
Stlth  +++.......               (no amulet)
                                a - ring of wizardry
                                A - +3 ring of intelligence

@: exhausted, barbed spikes, gold aura, slowed, very slow
A: unfitting armour, tough skin 1
a: Potion Petition, Call Merchant, Bribe Branch, Renounce Religion


You were on level 11 of the Dungeon.
You worshipped Gozag.
Gozag was most pleased with you.
You were not hungry.

You visited 1 branch of the dungeon, and saw 11 of its levels.
You also visited: Ossuary.

You collected 2583 gold pieces.
You paid 634 gold pieces to Gozag.

Inventory:

Hand Weapons
 g - a +0 giant spiked club of crushing
 q - a +2 morningstar of electrocution (weapon)
 z - a +1 whip of flaming
Missiles
 D - 6 tomahawks (quivered)
Armour
 b - a +2 robe of resistance (worn)
 m - a +2 hat (worn)
Jewellery
 a - a ring of wizardry (right hand)
 n - a cursed ring of teleportation {unknown}
 A - a +3 ring of intelligence (left hand)
Wands
 f - a wand of paralysis (1/24)
 h - a wand of confusion (24/48)
 i - a wand of paralysis (13/24)
Scrolls
 e - 5 scrolls of amnesia
 j - 5 scrolls of magic mapping
 l - 5 scrolls of remove curse
 o - 2 scrolls of teleportation
 s - a scroll of recharging
 v - 4 scrolls of immolation
 w - 2 scrolls of fear
 C - 3 scrolls of enchant armour
 E - a scroll of fog
Potions
 c - 2 potions of mutation
 r - 3 potions of agility
 t - 4 potions of might
 u - 2 potions of degeneration {unknown}
 x - 5 potions of curing
 G - 3 potions of flight
Books
 B - a book of Debilitation

   Spells                             Type                      Level
   a - Corona                         Hexes                        1
   b - Slow                           Hexes                        2
   c - Gell's Gravitas                Hexes/Translocation          3
   d - Inner Flame                    Hexes/Fire                   3
   e - Cause Fear                     Hexes                        4
   f - Leda's Liquefaction            Hexes/Earth                  4
Comestibles
 d - 2 bread rations
 k - 4 meat rations
 p - 8 fruits


   Skills:
 + Level 11.8 Fighting
 + Level 13.2 Maces & Flails
 * Level 7.8 Dodging
 - Level 5.0 Stealth
 - Level 7.1 Spellcasting
 - Level 1.3 Conjurations
 - Level 1.9 Summonings
 - Level 0.6 Translocations


You had 2 spell levels left.
You knew the following spells:

 Your Spells              Type           Power        Failure   Level  Hunger
a - Magic Dart            Conj           ##..         1%          1    None
b - Blink                 Tloc           N/A          4%          2    None
c - Call Imp              Summ           ###.....     2%          2    None
d - Repel Missiles        Chrm/Air       #.....       6%          2    None
e - Conjure Flame         Conj/Fire      ##......     9%          3    None
f - Slow                  Hex            #.......     6%          2    None
g - Mephitic Cloud        Conj/Pois/Air  ##......     9%          3    None
h - Summon Guardian Gole  Hex/Summ       ##......     7%          3    None
i - Summon Ice Beast      Ice/Summ       ##......     28%         4    ###....


Dungeon Overview and Level Annotations

Branches:
Dungeon (11/15)            Temple (0/1) D:7             Orc (0/2) D:10
   Lair: D:8-11

Altars:
Ashenzari
Cheibriados
Dithmenos
Gozag
Hepliaklqana
Kikubaaqudgha
Nemelex Xobeh
Qazlal
Ru
Vehumet

Shops:
D:11 *


Innate Abilities, Weirdness & Mutations

You are too large for most types of armour.
You have tough skin. (AC +1)


Message History

* * * LOW HITPOINT WARNING * * *
The vampire bites you.
* * * LOW HITPOINT WARNING * * *
The vampire draws strength from your injuries!
Unknown command.
You hit the vampire but do no damage.
There is a sudden explosion of sparks!
The vampire is moderately damaged.
The vampire is distracted by the nearby gold.
You catch the helpless vampire completely off-guard!
You puncture the vampire!
The vampire is no longer distracted by gold.
The vampire is severely damaged.
The vampire hits you!
* * * LOW HITPOINT WARNING * * *
The vampire bites you but does no damage.
The vampire closely misses you. The vampire barely misses you.
You feel better.
The vampire is infused with unholy energy.
You die...
Your body crumbles into a pile of gold.

..........
.....$....
##........##
...........#
#.....$.<..#
#..........#
#......$$..#
#......V...#
#.....@..##
####..<.##
$.#∩###### #


You could see a vampire.

Vanquished Creatures
  The ghost of removeelyvilon the Grappler, a novice DrTm of Cheibriados (D:10)
  An unseen horror (D:9)
  Pikel (D:4)
  2 hill giants (D:10)
  A manticore (D:11)
  A kobold demonologist (D:9)
  3 trolls
  A two-headed ogre (D:9)
  2 hippogriffs
  Eustachio (D:5)
  6 yaks (D:10)
  A steam dragon (D:7)
  Edmund (D:6)
  A warg (D:10)
  A water moccasin (D:10)
  6 orc warriors
  4 ice beasts
  2 phantoms
  A slave (D:4)
  6 ogres
  4 centaurs
  A necrophage (D:8)
  17 big kobolds
  6 bullfrogs
  An elf skeleton (D:8)
  A water moccasin skeleton (D:10)
  5 killer bees (D:7)
  A howler monkey (D:3)
  6 centaur zombies
  A quasit (D:9)
  A crimson imp (D:7)
  2 bullfrog skeletons
  3 human zombies
  3 bullfrog zombies
  A jelly (D:11)
  8 hounds
  A centaur skeleton (D:3)
  7 orc priests
  7 orc wizards
  2 human skeletons (D:8)
  An iguana (D:6)
  6 worker ants
  3 big kobold zombies (Ossuary)
  A hound zombie (D:9)
  2 mummies (Ossuary)
  A howler monkey zombie (D:6)
  2 worker ant zombies
  A howler monkey skeleton (D:10)
  9 adders
  An adder zombie (Ossuary)
  3 worms
  A dart slug (D:3)
  8 leopard geckos
  39 orcs
  4 ball pythons
  13 giant cockroaches
  8 goblins
  7 hobgoblins
  16 jackals
  19 kobolds
  6 bats
  5 frilled lizards
  A goblin zombie (Ossuary)
  11 hobgoblin zombies (Ossuary)
  A jackal skeleton (D:5)
  6 kobold zombies (Ossuary)
  An orc skeleton (D:8)
  9 orc zombies
  10 rats
  A rat zombie (Ossuary)
317 creatures vanquished.

Vanquished Creatures (collateral kills)
  A hill giant (D:10)
  2 ogres
  A killer bee (D:7)
  A hound (D:7)
  2 orc priests
  A jelly (D:10)
  An adder (D:4)
  An orc (D:10)
  A rat (D:3)
11 creatures vanquished.

Vanquished Creatures (others)
  Sigmund (D:5)
  A leopard gecko (D:4)
  A quokka (D:4)
3 creatures vanquished.

Grand Total: 331 creatures vanquished

Notes
Turn   | Place    | Note
-------+----------+-------------------------------------------
     0 | D:1      | tsouns the Ogre Wizard began the quest for the Orb.
     0 | D:1      | Reached XP level 1. HP: 16/16 MP: 5/5
   111 | D:1      | Reached skill level 1 in Fighting
   135 | D:1      | Reached XP level 2. HP: 20/28 MP: 1/6
   431 | D:1      | Reached skill level 1 in Conjurations
   533 | D:1      | Reached skill level 1 in Maces & Flails
   555 | D:1      | Reached XP level 3. HP: 35/35 MP: 0/8
   927 | D:2      | Learned a level 2 spell: Blink
   930 | D:2      | Learned a level 2 spell: Call Imp
   933 | D:2      | Learned a level 2 spell: Repel Missiles
   937 | D:2      | Learned a level 3 spell: Conjure Flame
  1286 | D:2      | Reached skill level 2 in Maces & Flails
  1286 | D:2      | Reached XP level 4. HP: 42/42 MP: 3/10
  1358 | D:2      | Reached skill level 1 in Summonings
  2721 | D:3      | Reached XP level 5. HP: 34/53 MP: 6/11
  2946 | D:3      | Learned a level 2 spell: Slow
  2995 | D:3      | Found an opulent altar of Gozag.
  3312 | D:3      | Reached skill level 3 in Maces & Flails
  3312 | D:3      | Reached XP level 6. HP: 46/62 MP: 11/13
  3371 | D:3      | Found a hazy altar of Hepliaklqana.
  3381 | D:3      | Noticed an ice beast
  3714 | D:3      | Killed an ice beast
  3714 | D:3      | Reached skill level 5 in Spellcasting
  4022 | D:4      | Noticed Pikel
  4028 | D:4      | Noticed a slave
  4028 | D:4      | Noticed a slave
  4029 | D:4      | Noticed a slave
  4029 | D:4      | Noticed a slave
  4056 | D:3      | Learned a level 3 spell: Mephitic Cloud
  4349 | D:4      | Found a sacrificial altar of Ru.
  4353 | D:4      | Found an ancient bone altar of Kikubaaqudgha.
  4437 | D:3      | Became a worshipper of Gozag Ym Sagoz the Greedy
  4503 | D:4      | Killed Pikel
  4503 | D:4      | Reached skill level 5 in Fighting
  4503 | D:4      | Reached skill level 7 in Maces & Flails
  4503 | D:4      | Reached XP level 7. HP: 58/74 MP: 7/14
  4503 | D:4      | Reached XP level 8. HP: 65/83 MP: 7/15
  4702 | D:4      | Found a radiant altar of Vehumet.
  4877 | D:5      | Entered Level 5 of the Dungeon
  5025 | D:5      | Found a snail-covered altar of Cheibriados.
  5217 | D:5      | Found a shattered altar of Ashenzari.
  5321 | D:5      | Noticed Eustachio
  5339 | D:5      | Noticed Sigmund
  5350 | D:5      | Killed Eustachio
  5374 | D:5      | Killed Sigmund
  5374 | D:5      | Reached skill level 8 in Maces & Flails
  5646 | D:5      | Learned a level 3 spell: Summon Guardian Golem
  6075 | D:6      | Noticed Edmund
  6078 | D:6      | Reached skill level 9 in Maces & Flails
  6102 | D:6      | Killed Edmund
  6129 | D:6      | Found a shadowy altar of Dithmenos.
  6131 | D:6      | Reached XP level 9. HP: 74/93 MP: 3/18
  6435 | D:6      | Found a stormy altar of Qazlal.
  6599 | D:7      | Reached skill level 10 in Maces & Flails
  7305 | D:7      | Reached skill level 11 in Maces & Flails
  7488 | D:7      | Found a staircase to the Ecumenical Temple.
  7853 | D:7      | Found a sparkling altar of Nemelex Xobeh.
  8071 | D:8      | Found a sand-covered staircase.
  8077 | Ossuary  | Entered an ossuary
  8388 | Ossuary  | Reached XP level 10. HP: 102/107 MP: 16/20
  9053 | D:9      | Noticed a kobold demonologist
  9108 | D:9      | Killed a kobold demonologist
  9307 | D:9      | Reached skill level 10 in Fighting
  9324 | D:9      | Reached skill level 12 in Maces & Flails
  9412 | D:9      | Killed an unseen horror
  9412 | D:9      | Reached skill level 5 in Dodging
 10109 | D:9      | Reached XP level 11. HP: 72/119 MP: 2/21
 10677 | D:9      | Learned a level 4 spell: Summon Ice Beast
 10684 | D:10     | Entered Level 10 of the Dungeon
 10739 | D:10     | Noticed a hill giant
 10757 | D:10     | Killed a hill giant
 10777 | D:10     | Noticed a hill giant
 11058 | D:10     | Noticed a hill giant
 11068 | D:10     | Killed a hill giant
 11539 | D:10     | Found a staircase to the Orcish Mines.
 11544 | D:10     | Noticed removeelyvilon's ghost (novice DrTm)
 11607 | D:10     | Killed removeelyvilon's ghost
 11847 | D:10     | Reached skill level 13 in Maces & Flails
 12152 | D:10     | Killed a hill giant
 12152 | D:10     | Reached skill level 5 in Stealth
 12405 | D:11     | Found Seli's General Store.
 12405 | D:11     | Noticed a manticore
 12419 | D:11     | Killed a manticore
 12421 | D:11     | HP: 7/184 [barbs]
 12429 | D:11     | HP: 2/123 [vampire (11)]
 12430 | D:11     | Killed from afar by a vampire

Vault maps used:
D:1:      denvon_arrival_waterhouse
D:2:      kennysheep_generic_room_8
D:3:      lemuel_crystal_altar, old_standard_altar
D:4:      nicolae_overflow_crystal_walls, grunt_temple_overflow_open,
          first_bread, uniq_pikel
D:5:      lemuel_crystal_altar, ashenzari_altar_1, minmay_crystal_water,
          kennysheep_small_spiral, uniq_sigmund, uniq_eustachio
D:6:      nicolae_dithmenos_the_darkroom, nicolae_qazlal_general_emergency,
          uniq_edmund
D:7:      lemuel_coloured_pillars_altar
D:8:      nicolae_ossuary_entry_catacombs
D:9:      special_room
D:10:     erik_orc_3
D:11:     minmay_lair_entry_grove, serial_shops, nicolae_shop_window_shopping
Ossuary:  ossuary_tomb_1

Skill      XL: |  1  2  3  4  5  6  7  8  9 10 11 |
---------------+----------------------------------+-----
Fighting       | 1 2 3 5 7 9 10 11 | 11.8
Conjurations   | 1 |  1.3
Maces & Flails | 1 2 3 7 9 11 12 13 | 13.2
Spellcasting   | 4 5 6 7 |  7.1
Summonings     | 1 |  1.9
Dodging        | 3 6 7 |  7.8
Stealth        | 2 3 5 |  5.0
Translocations | |  0.6

Action                   |  1- 3 |  4- 6 |  7- 9 | 10-12 || total
-------------------------+-------+-------+-------+-------++-------
Melee: Whip              |    82 |   149 |   253 |    45 ||   529
       Morningstar       |       |    89 |       |   375 ||   464
       Flail             |       |       |   155 |       ||   155
 Cast: Magic Dart        |    49 |   124 |    98 |    64 ||   335
       Call Imp          |       |     5 |     1 |     4 ||    10
       Conjure Flame     |       |     4 |    11 |    15 ||    30
       Mephitic Cloud    |       |     1 |    23 |    21 ||    45
       Summon Guardian G |       |       |       |     7 ||     7
       Summon Ice Beast  |       |       |       |     7 ||     7
Invok: Potion Petition   |       |       |       |     3 ||     3
Evoke: Wand              |       |     1 |     1 |     1 ||     3
  Use: Scroll            |       |    12 |     6 |     9 ||    27
       Potion            |       |       |       |     6 ||     6
 Stab: Sleeping          |     2 |     4 |     2 |     3 ||    11
       Paralysed         |       |     4 |    10 |       ||    14
       Confused          |       |     1 |    10 |     2 ||    13
       Distracted        |       |       |       |     5 ||     5
  Eat: Chunk             |     1 |     9 |       |       ||    10
       Fruit             |       |     2 |     2 |     4 ||     8
       Bread ration      |       |       |     2 |       ||     2
       Beef jerky        |       |       |     1 |     2 ||     3
       Pizza             |       |       |     1 |       ||     1
       Royal jelly       |       |       |       |     1 ||     1
       Meat ration       |       |       |       |     1 ||     1
Armor: Robe              |    28 |    90 |    81 |   121 ||   320
Dodge: Dodged            |    59 |   136 |   122 |   190 ||   507
